 Dungeon Sprint DCSS version 0.18.1-50-g88ac8fd (webtiles) character file.

114 varam the Geomancer (level 4, -5/24 HPs)
             Began as a Gargoyle Earth Elementalist on Oct 10, 2016.
             Killed from afar by Sigmund (8 damage)
             ... with a puff of flame
             ... in the Dungeon (Sprint I: "Red Sonja").
             The game lasted 00:01:15 (287 turns).

varam the Geomancer (Gargoyle Earth Elementalist)    Turns: 287, Time: 00:01:16

Health: -5/24      AC:  5    Str: 11    XL:     4   Next: 97%
Magic:  5/10       EV: 12    Int: 17    God:
Gold:   54         SH:  0    Dex: 10    Spells: 2 memorised, 8 levels left

rFire  . . .     SeeInvis .     b - 8 stones
rCold  . . .     Gourm    .     a - +0 robe
rNeg   + . .     Faith    .     (no shield)
rPois  ∞         Spirit   .     (no helmet)
rElec  +         Dismiss  .     (no cloak)
rCorr  .         Reflect  .     (no gloves)
SustAt .         Harm     .     (no boots)
MR     .....     NoTele   +     (no amulet)
Stlth  ++........               (no ring)
                                (no ring)

@: not resistant to hostile enchantments, unstealthy
A: negative energy resistance 1, electricity resistance, unbreathing,
petrification resistance, rot immunity, AC +3
a: no special abilities


You were in the Dungeon.
You were not hungry.

You visited 1 branch You collected 54 gold pieces.

Inventory:

Missiles
 b - 8 stones (in hand)
Armour
 a - a +0 robe (worn)
Scrolls
 j - a scroll of blinking
Potions
 e - a potion of curing
 f - a potion of heal wounds
 g - a potion of haste
 h - 2 potions of magic
 i - a potion of berserk rage
Books
 c - a book of Geomancy

   Spells                             Type                      Level
   a - Sandblast                      Earth                        1
   b - Passwall                       Transmutation/Earth          2
   c - Stone Arrow                    Conjuration/Earth            3
   d - Petrify                        Transmutation/Earth          4
   e - Lee's Rapid Deconstruction     Earth                        5
Comestibles
 d - a bread ration


   Skills:
 + Level 3.0 Dodging
 - Level 3.5 Stealth
 + Level 4.6 Spellcasting
   Level 0.7 Transmutations
 + Level 9.1 Earth Magic


You had 8 spell levels left.
You knew the following spells:

 Your Spells              Type           Power        Failure   Level  Hunger
a - Sandblast             Erth           ####..       1%          1    None
b - Stone Arrow           Conj/Erth      ###...       10%         3    ###....


Dungeon Overview and Level Annotations

Branches:
Dungeon (1/1)

Altars:

Annotations:
D Sigmund


Innate Abilities, Weirdness & Mutations

You are resistant to torment.
Your stone body is resilient (AC +3).
You are immune to poison.
You resist negative energy.
You are resistant to electric shocks.
You can survive without breathing.
You are immune to petrification.
You are immune to rotting.


Message History

Unknown command.
There is an open door here.
A puff of flame appears from out of thin air!
The puff of flame hits you!
Ouch! That really hurt!
* * * LOW HITPOINT WARNING * * *
There is an open door here.
A puff of flame appears from out of thin air!
The puff of flame misses you.
There is a fountain of clear blue water here.
Casting: Sandblast
Confirm with . or Enter, or press ? or * to list all spells.
You don't know that spell.
Casting: Sandblast
Confirm with . or Enter, or press ? or * to list all spells.
You can't see any susceptible monsters within range! (Use Z to cast anyway.) Unknown command.
A puff of flame appears from out of thin air!
The puff of flame hits you!
You die...

#############
#<.#..'..#..+
#..'.)#..'..#
#.{#####'####
#..# #..#
#..# ####
#..# #@§#
####


There were no monsters in sight!

Vanquished Creatures
  An ogre (D)
  Ijyb (D)
2 creatures vanquished.

Vanquished Creatures (others)
  A gargoyle (D)
1 creature vanquished.

Grand Total: 3 creatures vanquished

Notes
Turn   | Place    | Note
--------------------------------------------------------------
     0 | D        | varam the Gargoyle Earth Elementalist began the quest for the Orb.
     0 | D        | Reached XP level 1. HP: 10/10 MP: 3/3
     2 | D        | Noticed Ijyb
    32 | D        | Killed Ijyb
    32 | D        | Reached skill level 6 in Earth Magic
    32 | D        | Reached XP level 2. HP: 15/15 MP: 0/6
    32 | D        | Reached XP level 3. HP: 19/19 MP: 0/7
   102 | D        | Noticed an ogre
   108 | D        | Killed an ogre
   108 | D        | Reached skill level 9 in Earth Magic
   108 | D        | Reached XP level 4. HP: 24/24 MP: 2/10
   114 | D        | Learned a level 3 spell: Stone Arrow
   123 | D        | Noticed Sigmund
   179 | D        | Killed a gargoyle
   287 | D        | Killed from afar by Sigmund

Skill      XL: |  1  2  3 |
---------------+----------+-----
Dodging        | 2 3 |  3.0
Spellcasting   | 3 4 |  4.6
Earth Magic    | 6 9 |  9.1
Stealth        | 3 |  3.5
Transmutations | |  0.7

Action                   |  1- 3 |  4- 6 || total
-------------------------+-------+-------++-------
 Cast: Sandblast         |     8 |     4 ||    12
       Stone Arrow       |       |     1 ||     1
Armor: Robe              |     2 |       ||     2
Dodge: Dodged            |    10 |     1 ||    11
